 Dungeon Crawl Stone Soup version 0.21.1-1-g345015fe64 (webtiles) character file.

4269 Oravi the Transmogrifier (level 10, -4/79 HPs)
             Began as a Merfolk Transmuter on May 2, 2018.
             Was an Elder of Okawaru (penitent).
             Killed from afar by Leero's ghost (5 damage)
             ... with a sting
             ... on level 9 of the Dungeon.
             The game lasted 00:26:01 (6763 turns).

Oravi the Transmogrifier (Merfolk Transmuter)       Turns: 6763, Time: 00:26:02

Health: -4/79      AC:  4    Str: 10    XL:     10   Next: 31%
Magic:  7/13       EV: 18    Int: 16    God:    Okawaru [*]
Gold:   514        SH:  0    Dex: 15    Spells: 4/13 levels left

rFire    + . .     SeeInvis .     - Unarmed
rCold    + . .     Gourm    .   (no shield)
rNeg     . . .     Faith    .   b - +0 robe
rPois    .         Spirit   .   (no helmet)
rElec    .         Reflect  .   n - +0 cloak
rCorr    .         Harm     .   (no gloves)
MR       .....                  r - +0 pair of boots
Stlth    +.........             h - amulet of regeneration
HPRegen  0.63/turn              y - ring of protection from cold
MPRegen  0.13/turn              t - ring of protection from fire

@: lethally poisoned (-4 -> -6)
A: change form in water, swift swim, stealthy swim
a: Renounce Religion


You were on level 9 of the Dungeon.
You worshipped Okawaru.
Okawaru was demanding penance.
You were hungry.

You visited 2 branches of the dungeon, and saw 10 of its levels.

You collected 514 gold pieces.

Inventory:

Hand Weapons
 B - a +4 spear
Missiles
 a - 47 arrows
 j - 178 stones
 p - 18 tomahawks (quivered)
Armour
 b - a +0 robe (worn)
 n - a +0 cloak (worn)
 r - a +0 pair of boots (worn)
Jewellery
 h - an amulet of regeneration (around neck)
 t - a ring of protection from fire (right hand)
 y - a ring of protection from cold (left hand)
Wands
 k - a wand of paralysis (21)
 u - a wand of polymorph (10)
 C - a wand of flame (5)
 I - a wand of iceblast (9)
Scrolls
 i - 5 scrolls of teleportation
 m - 4 scrolls of amnesia
 o - 4 scrolls of remove curse
 q - 3 scrolls of identify
 v - a scroll of silence {unknown}
 w - 2 scrolls of enchant weapon
 x - 3 scrolls of enchant armour {unknown}
 z - a scroll of random uselessness {unknown}
 E - a scroll of fog
 F - a scroll of acquirement {unknown}
Potions
 f - a potion of flight
 g - a potion of curing
 l - 2 potions of invisibility {unknown}
 s - a potion of lignification {unknown}
 A - a potion of brilliance {unknown}
 D - 2 potions of degeneration {unknown}
 G - a potion of mutation {unknown}
Books
 c - a book of Changes

   Spells                             Type                      Level
   a - Beastly Appendage              Transmutation                1
   b - Sticks to Snakes               Transmutation                2
   c - Spider Form                    Transmutation/Poison         3
   d - Ice Form                       Ice/Transmutation            4
   e - Blade Hands                    Transmutation                5
Comestibles
 d - 23 rations
 H - 8 chunks of flesh


   Skills:
 + Level 7.0 Fighting
 + Level 8.9 Dodging
 + Level 8.6 Unarmed Combat
 - Level 2.0 Spellcasting
 + Level 9.9 Transmutations
 + Level 4.4 Ice Magic
 - Level 3.0 Poison Magic


You had 4 spell levels left.
You knew the following spells:

 Your Spells              Type           Power        Failure   Level  Hunger
a - Spider Form           Tmut/Pois      ###.......   4%          3    ###....
b - Sticks to Snakes      Tmut           ####....     1%          2    ###....
c - Ice Form              Ice/Tmut       ###.....     11%         4    #####..


Dungeon Overview and Level Annotations

Branches:
Dungeon (9/15)             Temple (1/1) D:5
   Lair: D:8-11         Orc: D:9-12

Altars:
Ashenzari
Cheibriados
Dithmenos
Elyvilon
Fedhas
Gozag
Hepliaklqana
Kikubaaqudgha
Makhleb
Nemelex Xobeh
Okawaru
Qazlal
Ru
Sif Muna
Trog
Uskayaw
Vehumet
Wu Jian
Xom
Yredelemnul
Zin
The Shining One

Annotations:
D:9 Leero's ghost, novice GrVM


Message History

You are more poisoned.
* * * LOW HITPOINT WARNING * * *
You feel better.
* * * LOW HITPOINT WARNING * * *
You are poisoned.
You hear a blaring wail to the north.
You hear a shout! x7
You feel sick.
* * * LOW HITPOINT WARNING * * *
You are more poisoned.
Leero's ghost's toxic aura wanes.
You feel sick.
You feel sick.
Leero's ghost casts a spell.
Leero's ghost begins to radiate toxic energy.
* * * LOW HITPOINT WARNING * * *
You are more poisoned.
Leero's ghost gestures at you while chanting.
The sting hits you!
You are more poisoned.
You die...

..#.....................#.....#
..#.....................#######
. #.....................#....>#
#........W............#.(...#
#.....................#..÷÷.#
#.....................#..÷..#
+...............).....###'###
#................[)[........#
#.............@..[<.........#
######..##########'###'##.....#
..+ ... #..#....#.....# ..# ..
#..#....#.....# ..#
###########....####### ..#
#...#.....#....#.....# ###.
#...#.....#..........# ....
#...#.....#..........# ....
#...#.....#....#######


You could see Leero's ghost.

Vanquished Creatures
  The ghost of Thargor the Skirmisher, a novice MiMo of Okawaru (D:7)
  Grinder (D:6)
  2 hippogriffs (D:8)
  Eustachio (D:6)
  An orc warrior (D:7)
  A phantom (D:7)
  2 sky beasts (D:8)
  4 ogres
  A centaur (D:9)
  A big kobold (D:7)
  A bullfrog (D:6)
  3 scorpions
  2 water moccasin skeletons (D:6)
  4 killer bees (D:7)
  A vampire bat (D:3)
  8 wights
  A howler monkey (D:7)
  4 crimson imps
  2 bullfrog zombies
  4 hounds
  7 jellies
  7 orc priests
  A bullfrog skeleton (D:6)
  An iguana (D:8)
  6 orc wizards
  Terence (D:2)
  7 worker ants
  A killer bee zombie (D:7)
  A hound zombie (D:7)
  7 adders
  2 shadow imps
  5 oozes (D:8)
  2 adder zombies
  An adder skeleton (D:4)
  3 worms
  A leopard gecko (D:6)
  32 orcs
  2 ball pythons
  9 bats
  2 bat skeletons (D:3)
  4 bat zombies (D:3)
  3 giant cockroaches (D:1)
  5 goblins
  4 hobgoblins
  12 jackals
  3 quokkas
  2 frilled lizards (D:1)
  10 kobolds
  A leopard gecko skeleton (D:8)
  A quokka skeleton (D:5)
  4 rats
192 creatures vanquished.

Vanquished Creatures (collateral kills)
  Sigmund (D:6)
1 creature vanquished.

Grand Total: 193 creatures vanquished

Notes
Turn   | Place    | Note
-------+----------+-------------------------------------------
     0 | D:1      | Oravi the Merfolk Transmuter began the quest for the Orb.
     0 | D:1      | Reached XP level 1. HP: 15/15 MP: 3/3
   117 | D:1      | Reached skill level 3 in Transmutations
   178 | D:1      | Reached XP level 2. HP: 21/21 MP: 3/5
   574 | D:1      | Learned a level 2 spell: Sticks to Snakes
  1002 | D:2      | Reached XP level 3. HP: 26/26 MP: 4/6
  1021 | D:2      | Learned a level 3 spell: Spider Form
  1085 | D:2      | Noticed Terence
  1123 | D:2      | Killed Terence
  1123 | D:2      | Reached skill level 4 in Transmutations
  1123 | D:2      | Reached skill level 1 in Poison Magic
  1123 | D:2      | Reached XP level 4. HP: 32/32 MP: 1/7
  1975 | D:3      | Found an ancient bone altar of Kikubaaqudgha.
  1988 | D:3      | Reached XP level 5. HP: 37/37 MP: 3/8
  2063 | D:4      | Noticed an ogre
  2101 | D:3      | Killed an ogre
  2101 | D:3      | Reached skill level 5 in Unarmed Combat
  2101 | D:3      | Reached skill level 5 in Transmutations
  2209 | D:4      | Reached XP level 6. HP: 33/43 MP: 5/9
  2723 | D:5      | Entered Level 5 of the Dungeon
  2728 | D:5      | Found a shadowy altar of Dithmenos.
  2751 | D:5      | Noticed an angel
  2752 | D:5      | Found a shimmering altar of Xom.
  2752 | D:5      | Found a glowing silver altar of Zin.
  2909 | D:5      | Reached XP level 7. HP: 29/50 MP: 6/10
  3031 | D:5      | Reached skill level 6 in Transmutations
  3123 | D:5      | Found a staircase to the Ecumenical Temple.
  3133 | Temple   | Entered the Ecumenical Temple
  3163 | Temple   | Became a worshipper of Warmaster Okawaru
  3363 | D:6      | You fall through a shaft for 2 floors!
  3364 | D:8      | Noticed a hippogriff
  3379 | D:8      | Killed a hippogriff
  3599 | D:8      | Reached skill level 5 in Dodging
  3599 | D:8      | Reached XP level 8. HP: 60/60 MP: 8/11
  3641 | D:8      | Reached skill level 7 in Transmutations
  3810 | D:8      | Reached * piety under Okawaru
  3979 | D:7      | Noticed a hippogriff
  3992 | D:8      | Killed a hippogriff
  4102 | D:7      | Reached skill level 5 in Fighting
  4102 | D:7      | Reached skill level 8 in Transmutations
  4189 | D:7      | Noticed Thargor's ghost (novice MiMo)
  4246 | D:6      | Reached ** piety under Okawaru
  4246 | D:6      | Reached XP level 9. HP: 67/68 MP: 9/12
  4269 | D:6      | Learned a level 4 spell: Ice Form
  4334 | D:6      | Noticed Eustachio
  4362 | D:6      | Killed Eustachio
  4416 | D:6      | Found a basalt altar of Yredelemnul.
  4440 | D:6      | Noticed Grinder
  4458 | D:6      | Killed Grinder
  4458 | D:6      | Reached skill level 1 in Ice Magic
  4561 | D:6      | Noticed Sigmund
  4574 | D:6      | Killed Sigmund
  4682 | D:6      | Reached *** piety under Okawaru
  4711 | D:6      | Found a shattered altar of Ashenzari.
  4900 | D:7      | Reached skill level 9 in Transmutations
  5284 | D:7      | Killed Thargor's ghost
  5284 | D:7      | Reached **** piety under Okawaru
  5284 | D:7      | Reached XP level 10. HP: 36/77 MP: 3/13
  5917 | D:8      | Found a deep blue altar of Sif Muna.
  5940 | D:8      | Found a glowing golden altar of the Shining One.
  6689 | D:9      | Noticed Leero's ghost (novice GrVM)
  6703 | D:9      | Was placed under penance by Okawaru
  6721 | D:9      | HP: 3/79 [Leero's ghost/Olgreb's Toxic Radiance (7)]
  6763 | D:9      | HP: 1/79 [Leero's ghost/Olgreb's Toxic Radiance (5)]
  6763 | D:9      | Killed from afar by Leero's ghost

Skill      XL: |  1  2  3  4  5  6  7  8  9 10 |
---------------+-------------------------------+-----
Transmutations | 3 4 5 6 8 9 |  9.9
Unarmed Combat | 4 5 6 7 8 |  8.6
Poison Magic   | 1 2 3 |  3.0
Dodging        | 3 5 6 8 |  8.9
Fighting       | 2 3 5 6 7 |  7.0
Ice Magic      | 3 4 |  4.4
Spellcasting   | |  2.0

Action                   |  1- 3 |  4- 6 |  7- 9 | 10-12 || total
-------------------------+-------+-------+-------+-------++-------
Melee: Unarmed           |    82 |   148 |   327 |   143 ||   700
       Headbutt          |    12 |       |       |       ||    12
Throw: Tomahawk          |       |     1 |       |       ||     1
 Cast: Beastly Appendage |    18 |       |       |       ||    18
       Spider Form       |     3 |    24 |    30 |    17 ||    74
       Sticks to Snakes  |       |       |    14 |     6 ||    20
       Ice Form          |       |       |     2 |       ||     2
Invok: Heroism           |       |       |     2 |     1 ||     3
 Abil: End Transformatio |       |       |     1 |       ||     1
  Use: Scroll            |       |     6 |     1 |     1 ||     8
       Potion            |       |       |       |     9 ||     9
 Stab: Sleeping          |     2 |     3 |       |     1 ||     6
       Distracted        |       |       |     2 |       ||     2
  Eat: Chunk             |     1 |    10 |    12 |     4 ||    27
       Ration            |       |       |       |     1 ||     1
Armor: Robe              |    23 |     5 |     3 |       ||    31
       Skin              |     1 |     9 |    12 |     4 ||    26
Dodge: Dodged            |    56 |   145 |   324 |   142 ||   667
